 Dungeon Crawl Stone Soup version 0.22-a0-240-g539252a (webtiles) character file.

205 mortelune the Chiller (level 5, 0/35 HPs)
             Began as a Demonspawn Ice Elementalist on Feb 21, 2018.
             Killed by divine providence
             ... invoked by an orc priest
              (9 damage)
             ... on level 4 of the Dungeon.
             The game lasted 00:09:41 (4251 turns).

mortelune the Chiller (Demonspawn Ice Elementalist) Turns: 4251, Time: 00:09:42

Health: 0/35       AC:  9    Str:  8    XL:     5   Next: 52%
Magic:  5/9        EV: 13    Int: 17    God:
Gold:   117        SH:  0    Dex: 14    Spells: 4/10 levels left

rFire    + . .     SeeInvis .   k - +1 mace
rCold    . . .     Gourm    .   (no shield)
rNeg     . . .     Faith    .   f - +0 robe (curse)
rPois    .         Spirit   .   (no helmet)
rElec    .         Reflect  .   p - +0 cloak
rCorr    .         Harm     .   (no gloves)
MR       .....                  w - +0 pair of boots
Stlth    ++........             (no amulet)
HPRegen  0.11/turn              m - -4 ring of slaying (curse)
MPRegen  0.11/turn              (no ring)

@: icy armour, about to teleport, slow
A: fire resistance 1, powered by death 2, flame cloud immunity
a: no special abilities


You were on level 4 of the Dungeon.
You were hungry.

You visited 1 branch of the dungeon, and saw 4 of its levels.

You collected 117 gold pieces.

Inventory:

Hand Weapons
 d - a +0 short sword
 k - a +1 mace (weapon)
 u - a cursed +0 trident
 y - a +2 vampiric whip
Missiles
 c - 2 tomahawks of returning (quivered)
Armour
 a - a +0 robe
 f - a cursed +0 robe (worn)
 n - a +0 pair of boots
 p - a +0 cloak (worn)
 r - a +0 troll leather armour
 w - a +0 pair of boots (worn)
 z - the +8 scale mail of Vanity {Int+5 Slay+2, unknown}
   (You found it on level 4 of the Dungeon)

   It affects your intelligence (+5).
   It affects your accuracy and damage with ranged weapons and melee attacks
   (+2).
Jewellery
 m - a cursed -4 ring of slaying (left hand)
Scrolls
 h - a scroll of enchant weapon
 i - 3 scrolls of remove curse
 j - a scroll of identify
 o - a scroll of immolation {unknown}
 q - 2 scrolls of teleportation
 v - a scroll of magic mapping {unknown}
 x - a scroll of enchant armour {unknown}
Potions
 e - a potion of degeneration {unknown}
 g - 2 potions of might
 l - a potion of lignification
 s - a potion of haste
 t - 2 potions of mutation
Comestibles
 b - 3 rations


   Skills:
 + Level 2.8 Dodging
 - Level 1.7 Stealth
 + Level 3.0 Spellcasting
 + Level 2.2 Conjurations
 * Level 4.2 Ice Magic


You had 4 spell levels left.
You knew the following spells:

 Your Spells              Type           Power        Failure   Level  Hunger
a - Freeze                Ice            ###.         3%          1    None
b - Throw Frost           Conj/Ice       ##....       7%          2    ##.....
c - Ozocubu's Armour      Chrm/Ice       #.......     22%         3    ###....


Dungeon Overview and Level Annotations

Branches:
Dungeon (4/15)
 Temple: D:4-7

Altars:
Dithmenos
Fedhas
Vehumet

Annotations:
D:2 1 runed door


Innate Abilities, Weirdness & Mutations

Your flesh is heat resistant. (rF+)
You regenerate health from kills.
You are immune to clouds of flame.


Message History

Something hits you but does no damage.
You miss something.
You hear some strange, mumbled words.
A puff of flame appears from out of thin air!
The puff of flame hits you! You resist. Something barely misses you.
You closely miss something. Something hits you.
You closely miss something. Something hits you.
The orc priest looks encouraged for a moment.
Something hits you.
Casting: Throw Frost (safe; 7% risk of failure)
Confirm with . or Enter, or press ? or * to list all spells.
A film of ice covers your body!
The orc priest mumbles some strange prayers to Beogh against you.
Beogh smites you! Something hits you.
* * * LOW HITPOINT WARNING * * *
As you read the scroll labeled ESIMUYMEGED, it crumbles to dust.
You feel strangely unstable.
It was a scroll of teleportation.
The orc priest mumbles some strange prayers to Beogh against you.
Beogh smites you!
You die...

#####
#####...##################
$........@{ooo....o.......
#####...####o#######.#####
#...# #..# #.# ..# #...#
##.# #.# #.# #...# o# #{#
##.# #...# .. #.# ##.#
#...# #.# #o# ##.# #...#
.. #o# ##.# #...# #.#


You could see 2 orc priests and 2 orcs.

Vanquished Creatures
  A scorpion (D:4)
  2 orc wizards
  4 adders
  A dart slug (D:1)
  4 leopard geckos
  11 orcs
  4 giant cockroaches
  4 goblins
  4 hobgoblins
  2 quokkas
  3 bats
  4 frilled lizards
  6 rats
50 creatures vanquished.

Notes
Turn   | Place    | Note
-------+----------+-------------------------------------------
     0 | D:1      | mortelune the Demonspawn Ice Elementalist began the quest for the Orb.
     0 | D:1      | Reached XP level 1. HP: 13/13 MP: 3/3
   345 | D:1      | Reached skill level 3 in Ice Magic
   345 | D:1      | Gained mutation: Your flesh is heat resistant. (rF+) [demonic ancestry]
   345 | D:1      | Reached XP level 2. HP: 12/19 MP: 0/5
   632 | D:1      | Learned a level 2 spell: Throw Frost
  1087 | D:2      | Found a blossoming altar of Fedhas.
  1124 | D:2      | Gained mutation: You regenerate a little health from kills. [demonic ancestry]
  1124 | D:2      | Reached XP level 3. HP: 24/24 MP: 0/6
  1203 | D:2      | Found a radiant altar of Vehumet.
  1262 | D:2      | Found a shadowy altar of Dithmenos.
  1327 | D:2      | Found a runed door.
  2336 | D:3      | Learned a level 3 spell: Ozocubu's Armour
  2818 | D:3      | Gained mutation: You regenerate health from kills. [demonic ancestry]
  2818 | D:3      | Reached XP level 4. HP: 26/30 MP: 0/7
  3489 | D:3      | Reached skill level 4 in Ice Magic
  3489 | D:3      | Gained mutation: You are immune to clouds of flame. [demonic ancestry]
  3489 | D:3      | Reached XP level 5. HP: 6/35 MP: 2/9
  3922 | D:4      | Got a heavily runed scale mail
  4251 | D:4      | Killed from afar by an orc priest

Vault maps used:
D:1:      dpeg_arrival_oval, serial_bayou_lake_a
D:2:      grunt_dithmenos_smoke_and_mirrors, fedhas_altar_2,
          lemuel_doored_altar, minmay_liquid_box, uniq_crazy_yiuf_cottage
D:3:      first_ration
D:4:      cheibrodos_quashed, gammafunk_temple_overflow_elements

Skill      XL: |  1  2  3  4  5 |
---------------+----------------+-----
Dodging        | 2 |  2.8
Ice Magic      | 3 4 |  4.2
Conjurations   | 2 |  2.2
Spellcasting   | 3 |  3.0
Stealth        | |  1.7

Action                   |  1- 3 |  4- 6 || total
-------------------------+-------+-------++-------
Melee: Short sword       |     4 |       ||     4
       Mace              |    38 |    24 ||    62
 Cast: Freeze            |    42 |    22 ||    64
       Throw Frost       |    21 |    16 ||    37
       Ozocubu's Armour  |       |     3 ||     3
  Use: Scroll            |     8 |     1 ||     9
       Potion            |     2 |     1 ||     3
  Eat: Chunk             |     4 |     2 ||     6
       Ration            |     1 |     1 ||     2
Armor: Robe              |    17 |     9 ||    26
Dodge: Dodged            |    47 |    32 ||    79

Table legend:
 A = Spawn XP
 B = Non-spawn XP
 C = Spawn XP percentage of total XP
 D = Spawn monster count
 E = Non-spawn monster count
 F = Spawn count percentage of total count
 G = Total turns spent on level
                    A         B        C        D         E        F      G
               +---------+---------+-------+---------+---------+-------+---------
         Total |       0 |     293 |   0.0 |       0 |      50 |   0.0 |  4251
               +---------+---------+-------+---------+---------+-------+---------
           D:1 |       0 |      30 |   0.0 |       0 |      16 |   0.0 |  1087
           D:2 |       0 |      21 |   0.0 |       0 |       5 |   0.0 |   749
           D:3 |       0 |      94 |   0.0 |       0 |      21 |   0.0 |  1681
           D:4 |       0 |     148 |   0.0 |       0 |       8 |   0.0 |   734
               +---------+---------+-------+---------+---------+-------+---------
